 Dungeon Crawl Stone Soup version 0.26.1-11-gd32895ea62 (webtiles) character file.

Game seed: 5525279945951686073

374 nothank2 the Basher (level 6, -10/51 HPs)
             Began as a Minotaur Fighter on June 25, 2021.
             Mangled by a gnoll
             ... wielding a +0 halberd
              (11 damage)
             ... on level 3 of the Dungeon.
             The game lasted 00:04:05 (2063 turns).

nothank2 the Basher (Minotaur Fighter)              Turns: 2063, Time: 00:04:06

Health: -10/51     AC:  9    Str: 23    XL:     6   Next: 43%
Magic:  5/5        EV:  7    Int:  5    God:
Gold:   91         SH:  9    Dex:  9    Spells: 5/5 levels left

rFire    . . .     SeeInvis .   p - +4 flail
rCold    . . .     Faith    .   c - +0 kite shield
rNeg     . . .     Spirit   .   b - +0 scale mail
rPois    .         Reflect  .   j - +0 hat
rElec    .         Harm     .   n - +1 cloak {Will+}
rCorr    .         Rampage  .   (no gloves)
Will     +....                  (no boots)
Stlth    ..........             (no amulet)
HPRegen  0.17/turn              (no ring)
MPRegen  0.09/turn              (no ring)

@: no status effects
A: retaliatory headbutt, horns 2
a: no special abilities


You were on level 3 of the Dungeon.
You visited 1 branch of the dungeon, and saw 3 of its levels.

You collected 91 gold pieces.

Inventory:

Hand Weapons
 a - a +0 flail
 p - a +4 flail (weapon)
Missiles
 i - 5 javelins (quivered)
Armour
 b - a +0 scale mail (worn)
 c - a +0 kite shield (worn)
 j - a +0 hat (worn)
 l - a +0 cloak
 n - a +1 cloak of willpower (worn)
Wands
 m - a wand of polymorph (8)
Scrolls
 e - a scroll of immolation {unknown}
 g - 4 scrolls of identify {unknown}
 o - a scroll of remove curse {unknown}
 r - a scroll of magic mapping {unknown}
Potions
 d - a potion of might
 f - a potion of brilliance {unknown}
 h - a potion of ambrosia {unknown}
 k - a potion of heal wounds {unknown}
 q - a potion of haste {unknown}


   Skills:
 - Level 3.6 Fighting
 + Level 8.2 Maces & Flails
 + Level 0.8 Throwing
 - Level 3.6 Armour
 - Level 3.6 Shields


You had 5 spell levels left.
You didn't know any spells.
Your spell library was empty.

Dungeon Overview and Level Annotations

Branches:
Dungeon (3/15)

Altars:
The Shining One


Innate Abilities, Weirdness & Mutations

You reflexively headbutt those who attack you in melee.
You have a pair of horns on your head.


Message History

The gnoll hits you from afar with a +0 spear.
You block the gnoll's attack. x2; The gnoll closely misses you.
Things that are here:
a +0 club; a +0 robe You sock the gnoll!
You kill the gnoll!
You block the gnoll's attack. x2
The gnoll hits you with a +0 halberd!
* * * LOW HITPOINT WARNING * * *
You see here a +0 spear.
You sock the gnoll!
The gnoll is severely wounded.
The gnoll hits you with a +0 halberd.
* * * LOW HITPOINT WARNING * * *
You barely miss the gnoll.
The gnoll is severely wounded.
The gnoll hits you with a +0 halberd!
* * * LOW HITPOINT WARNING * * *
The gnoll hits you with a +0 halberd!
You die...

#...#..........)................
#####≈≈≈≈≈≈≈≈≈≈≈≈....≈≈≈≈≈≈≈≈≈≈≈≈
≈≈≈≈≈≈≈≈≈≈≈≈≈≈≈≈≈....≈≈≈≈≈≈≈≈≈≈≈≈
≈≈≈≈≈≈≈≈≈≈≈≈≈≈≈≈≈....≈≈≈÷≈≈≈≈≈≈≈≈
.....)...........................
########.######.....##.#####[####
#.# #ggg.###)# ##.## #.# ##g###
#.####...## #.# #@# #.........#
##.## #)# ######..<.##
######.#.######)# ##..#.#
#.....###....##$# #.###.
#.####.#.###.##.# ##.#.# #.#
##.## #)# ##########.## #.#
#......##.# #....>.....# #.#
######[##.# #.########## #.# ##
#.# #.#


You could see 4 gnolls.

Vanquished Creatures
  A gnoll sergeant (D:3)
  A gnoll shaman (D:3)
  Crazy Yiuf (D:2)
  An orc wizard (D:3)
  8 gnolls
  6 adders
  2 oozes
  2 worms (D:2)
  2 dart slugs
  A leopard gecko (D:2)
  3 orcs (D:3)
  4 giant cockroaches
  7 goblins
  5 hobgoblins
  20 jackals
  2 ball pythons
  6 bats
  2 frilled lizards
  5 rats
79 creatures vanquished.

Vanquished Creatures (others)
  A plant (D:3)
1 creature vanquished.

Grand Total: 80 creatures vanquished

Notes
Turn   | Place    | Note
-------+----------+-------------------------------------------
     0 | D:1      | nothank2 the Minotaur Fighter began the quest for the Orb.
     0 | D:1      | Reached XP level 1. HP: 19/19 MP: 0/0
   153 | D:1      | Reached skill level 3 in Maces & Flails
   195 | D:1      | Reached XP level 2. HP: 26/26 MP: 1/1
   325 | D:1      | Reached skill level 4 in Maces & Flails
   397 | D:1      | Reached XP level 3. HP: 31/31 MP: 2/2
   795 | D:2      | Found a runed translucent door.
   796 | D:2      | Noticed Crazy Yiuf
   887 | D:2      | Killed Crazy Yiuf
   888 | D:2      | Reached skill level 5 in Maces & Flails
   888 | D:2      | Reached XP level 4. HP: 36/39 MP: 3/3
  1293 | D:2      | Reached skill level 6 in Maces & Flails
  1632 | D:3      | Reached XP level 5. HP: 45/45 MP: 4/4
  1739 | D:3      | Reached skill level 7 in Maces & Flails
  1810 | D:3      | Found a glowing golden altar of the Shining One.
  2048 | D:3      | Reached XP level 6. HP: 43/51 MP: 5/5
  2055 | D:3      | Reached skill level 8 in Maces & Flails
  2063 | D:3      | HP: 1/51 [gnoll/+0 halberd (11)]
  2063 | D:3      | Mangled by a gnoll

Illustrated notes

Levels and vault maps discovered:
D:1:      lightli_arrival_boilingwater, layout_basic
D:2:      layout_basic, lemuel_another_geyser, uniq_crazy_yiuf_cottage
D:3:      lemuel_castle_with_subvaults [lemuel_castle_interior_carwin_3],
          layout_loops_ring, lemuel_crystal_altar,
          hellmonk_ghost_happy_afterlife

Skill      XL: |  1  2  3  4  5  6 |
---------------+-------------------+-----
Maces & Flails | 3 4 5 6 7 8 |  8.2
Fighting       | |  3.6
Throwing       | |  0.8
Armour         | |  3.6
Shields        | |  3.6

Action                   |  1- 3 |  4- 6 || total
-------------------------+-------+-------++-------
Melee: Flail             |    60 |   128 ||   188
       Headbutt          |     9 |    18 ||    27
Throw: Javelin           |     1 |     4 ||     5
Armor: Scale mail        |    25 |    53 ||    78
Dodge: Dodged            |    16 |    43 ||    59
Block: Kite shield       |    30 |    51 ||    81
